 Dungeon Crawl Stone Soup version 0.28-a0-1567-g1695149f81 (webtiles) character file.

Game seed: 13702078562570766954

16 HallandMoats the Skirmisher (level 2, -1/26 HPs)
             Began as a Ghoul Monk on Jan 19, 2022.
             Slain by a ball python (3 damage)
             ... on level 1 of the Dungeon.
             The game lasted 00:00:39 (320 turns).

HallandMoats the Skirmisher (Ghoul Monk)             Turns: 320, Time: 00:00:40

Health: -1/26      AC:  2    Str: 14    XL:     2   Next: 58%
Magic:  1/1        EV: 12    Int:  5    God:
Gold:   5          SH:  0    Dex: 11    Spells: 1/1 levels left

rFire   + . .      SeeInvis .   a - +0 mace
rCold   + + .      Faith    .   (no shield)
rNeg    + + +      Spirit   .   b - +0 robe
rPois   ∞          Reflect  .   (no helmet)
rElec   .          Harm     .   d - scarf {rC+ rF+}
rCorr   .          Rampage  .   (no gloves)
Will    .....                   (no boots)
Stlth   ++........              (no amulet)
HPRegen 0.00/turn               (no ring)
MPRegen 0.07/turn               (no ring)

@: inhibited regen
A: claws 1, cold resistance 1, negative energy resistance 3, inhibited
regeneration, torment resistance 2
a: no special abilities


You were on level 1 of the Dungeon.
You visited 1 branch of the dungeon, and saw 1 of its levels.

You collected 5 gold pieces.

Inventory:

Hand Weapons
 a - a +0 mace (weapon)
Armour
 b - a +0 robe (worn)
 d - a scarf of resistance (worn)
Scrolls
 c - a scroll of fog {unknown}
 e - a scroll of enchant armour {unknown}
 f - a scroll of identify {unknown}
Potions
 g - a potion of curing {unknown}


   Skills:
 * Level 3.6 Fighting
 * Level 3.0 Maces & Flails
 + Level 0.6 Armour
 + Level 2.8 Dodging
 - Level 2.1 Stealth


You had one spell level left.
You didn't know any spells.
Your spell library was empty.

Dungeon Overview and Level Annotations

Branches:
Dungeon (1/15)

Altars:


Innate Abilities, Weirdness & Mutations

You thrive by killing the living.
You are immune to poison.
You have sharp fingernails.
Your flesh is cold resistant. (rC+)
You are immune to negative energy. (rN+++)
You do not regenerate when monsters are visible.
You are immune to unholy pain and torment.


Message History

You are too injured to fight recklessly!
You are too injured to fight recklessly!
You are too injured to fight recklessly!
You are too injured to fight recklessly!
You are too injured to fight recklessly!
You are too injured to fight recklessly!
You are too injured to fight recklessly!
You are too injured to fight recklessly!
You escape the ball python's grasp.
You closely miss the giant cockroach.
The giant cockroach bites you but does no damage.
The giant cockroach bites you.
You hit the giant cockroach but do no damage.
The giant cockroach closely misses you.
You hit the giant cockroach.
You kill the giant cockroach!
Your Maces & Flails skill increases to level 3!
You closely miss the ball python. The ball python bites you.
The ball python grabs you. The ball python constricts you.
* * * LOW HITPOINT WARNING * * *
The ball python bites you.
* * * LOW HITPOINT WARNING * * *
The ball python constricts you.
* * * LOW HITPOINT WARNING * * *
You hit the ball python.
The ball python is severely wounded.
The ball python barely misses you. The ball python constricts you.
* * * LOW HITPOINT WARNING * * *
The ball python bites you.
* * * LOW HITPOINT WARNING * * *
The ball python constricts you.
You aren't carrying any potions.
You escape the ball python's grasp.
You see here a white potion.
g - a white potion The ball python misses you.
The ball python barely misses you.
You completely miss the ball python.
The ball python is severely wounded.
The ball python bites you.
You die...

....... ..[# .... #.
#..... ..?#..#..
#..#.....#†.)#.....
#......##.####..# .#
##...#g#[....###.
....#..##.##.........
#....#r#......#####
##S##..#...#
#@#...##...#######
###..###..........
...####...####..#
#......(........#
.[............... ...
......>........# ..#
######...####..# #.#
##.......... #.#
#...††..####


You could see a goblin, a ball python and a rat.

Vanquished Creatures
  A ball python (D:1)
  2 bats (D:1)
  3 giant cockroaches (D:1)
  A goblin (D:1)
  3 hobgoblins (D:1)
  A quokka (D:1)
  2 frilled lizards (D:1)
  A rat (D:1)
14 creatures vanquished.

Notes
Turn   | Place    | Note
-------+----------+-------------------------------------------
     0 | D:1      | HallandMoats the Ghoul Monk began the quest for the Orb.
     0 | D:1      | Reached XP level 1. HP: 19/19 MP: 0/0
   138 | D:1      | Reached XP level 2. HP: 26/26 MP: 1/1
   320 | D:1      | Slain by a ball python

Illustrated notes

Levels and vault maps discovered:
D:1:      minmay_arrival_plants_in_alcoves, layout_loops_cross,
          basic_ecumenical_altar, serial_shops, nicolae_shop_behind_doors,
          minmay_vboxes

Skill      XL: |  1  2 |
---------------+-------+-----
Maces & Flails | 3 |  3.0
Fighting       | |  3.6
Armour         | |  0.6
Dodging        | |  2.8
Stealth        | |  2.1

Action                   || total
-------------------------++-------
Melee: Mace              ||    38
 Stab: Sleeping          ||     1
Armor: Robe              ||    12
Dodge: Dodged            ||    36

Table legend: (Time is in decaauts)
 A = Elapsed time spent in this place.
 B = Non-inter-level travel time spent in this place.
 C = Inter-level travel time spent in this place.
 D = Time resting spent in this place.
 E = Time spent auto-exploring this place.
 F = Levels seen in this place.
 G = Mean time per level.
                   A        B        C        D        E       F      G
               +--------+--------+--------+--------+--------+-----+--------+
         Total |    330 |    330 |      0 |      0 |    228 |   1 |  330.0 |
       Dungeon |    330 |    330 |      0 |      0 |    228 |   1 |  330.0 |
               +--------+--------+--------+--------+--------+-----+--------+

Top non-repeatable levels by time:
     D:1: 330 daAuts
